 Dungeon Crawl Stone Soup version 0.23.2-40-g277498a001 (webtiles) character file.

Game seed: 4636516599627282622

91 Descartes the Skirmisher (level 4, -10/37 HPs)
             Began as a Formicid Abyssal Knight on Oct 15, 2019.
             Was a Follower of Lugonu.
             Killed by divine providence
             ... invoked by an orc priest
              (12 damage)
             ... on level 3 of the Dungeon.
             The game lasted 00:04:47 (1914 turns).

Descartes the Skirmisher (Formicid Abyssal Knight)  Turns: 1914, Time: 00:04:48

Health: -10/37     AC:  6    Str: 17    XL:     4   Next: 88%
Magic:  6/6        EV: 10    Int: 12    God:    Lugonu [*.....]
Gold:   88         SH:  0    Dex: 10    Spells: 3/3 levels left

rFire    . . .     SeeInvis +   a - +1 hand axe
rCold    . . .     Gourm    .   (no shield)
rNeg     . . .     Faith    .   l - +0 scale mail
rPois    .         Spirit   .   (helmet unavailable)
rElec    .         Reflect  .   (no cloak)
rCorr    .         Harm     .   (no gloves)
MR       .....                  (no boots)
Stlth    ..........             (no amulet)
HPRegen  0.12/turn              (no ring)
MPRegen  0.10/turn              (no ring)

@: no status effects
A: permanent stasis, dig shafts and tunnels, four strong arms, antennae 3
a: Dig, Shaft Self, Depart the Abyss, Renounce Religion


You were on level 3 of the Dungeon.
You worshipped Lugonu.
Lugonu was aware of your devotion.
You were hungry.

You visited 1 branch of the dungeon, and saw 3 of its levels.
You visited the Abyss 1 time.

You collected 88 gold pieces.

Inventory:

Hand Weapons
 a - a +1 hand axe (weapon)
 o - a +0 mace
Missiles
 m - 55 arrows
 p - 64 stones (quivered)
 q - 36 sling bullets
 u - 12 poisoned needles
 v - 21 bolts
Armour
 b - a +0 leather armour
 l - a +0 scale mail (worn)
Scrolls
 d - 2 scrolls of fog {unknown}
 e - 2 scrolls of immolation {unknown}
 f - 2 scrolls of enchant weapon {unknown}
 h - a scroll of enchant armour {unknown}
 j - a scroll of noise {unknown}
 k - 3 scrolls of remove curse {unknown}
 n - a scroll of identify {unknown}
 t - a scroll of teleportation {unknown}
Potions
 g - a potion of degeneration {unknown}
 i - 2 potions of brilliance {unknown}
 s - a potion of haste {unknown}
Comestibles
 c - 2 rations
 r - 2 chunks of flesh


   Skills:
 + Level 3.8 Fighting
 + Level 2.9 Axes
 + Level 3.3 Armour
 + Level 1.4 Dodging
 + Level 2.7 Invocations


You had 3 spell levels left.
You didn't know any spells.
Your spell library was empty.

Dungeon Overview and Level Annotations

Branches:
Dungeon (3/15)

Altars:


Innate Abilities, Weirdness & Mutations

You cannot be hasted, slowed, berserked, paralysed or teleported.
You can dig through walls and to a lower floor.
Your four strong arms can wield two-handed weapons with a shield.
You have a pair of large antennae on your head. (SInv)


Message History

You hit the orc priest.
The orc priest is heavily wounded.
You closely miss the orc.
The orc priest invokes the aid of Beogh against you.
Beogh smites you!
* * * LOW HITPOINT WARNING * * *
The orc barely misses you.
You hit the orc priest but do no damage.
The orc priest is moderately wounded.
You closely miss the orc.
The orc priest mumbles some strange prayers to Beogh against you.
You barely resist. The orc hits you but does no damage.
You hit the orc priest.
The orc priest is heavily wounded.
You hit the orc but do no damage.
The orc priest hits you but does no damage.
The orc hits you but does no damage.
The orc priest calls down the wrath of Beogh upon you.
Beogh smites you!
You die...

.#.# .#.## #... .... #)..
.#.######.#.... #..# ..<.......
... #..# .#.###########.####oo#
#.# ........##..#
#.#####........o.#..# #
#.##........?..@##o.# .#
#.##....#####.##o#{.###..#
#.##....................>##
#..#...........###........#
#).#...........# #..#####.#
#.)#...........# #.## #.#
#..............# #.# #.#
....#.##........###.######.####.#
.#....##........................#


You could see an orc priest and an orc.

Vanquished Creatures
  3 adders (D:2)
  2 worms (D:2)
  2 dart slugs (D:2)
  3 leopard geckos
  An orc (D:3)
  A giant cockroach (D:2)
  9 goblins
  10 hobgoblins
  2 ball pythons
  5 bats
  A frilled lizard (D:1)
  4 kobolds
  7 rats
50 creatures vanquished.

Notes
Turn   | Place    | Note
-------+----------+-------------------------------------------
     0 | Abyss:1  | Descartes the Formicid Abyssal Knight began the quest for
                  | the Orb.
     0 | Abyss:1  | Reached XP level 1. HP: 18/18 MP: 2/2
    40 | Abyss:1  | Noticed a purple very ugly thing
    44 | D:1      | Escaped the Abyss
    83 | D:1      | Reached * piety under Lugonu
    83 | D:1      | Reached XP level 2. HP: 13/24 MP: 3/3
   441 | D:1      | Reached XP level 3. HP: 27/29 MP: 4/4
   687 | D:2      | Reached skill level 1 in Dodging
  1120 | D:2      | Reached XP level 4. HP: 33/37 MP: 6/6
  1914 | D:3      | Killed from afar by an orc priest

Skill      XL: |  1  2  3 |
---------------+----------+-----
Dodging        | 1 |  1.4
Armour         | 3 |  3.3
Fighting       | |  3.8
Axes           | |  2.9
Invocations    | |  2.7

Action                   |  1- 3 |  4- 6 || total
-------------------------+-------+-------++-------
Melee: Hand axe          |   103 |    60 ||   163
Invok: Depart the Abyss  |     1 |       ||     1
 Abil: Dig               |       |     2 ||     2
  Eat: Chunk             |     1 |     2 ||     3
Armor: Leather armour    |    10 |       ||    10
       Scale mail        |    12 |    24 ||    36
Dodge: Dodged            |    57 |    28 ||    85
